 Dungeon Crawl Stone Soup version 0.28.0-53-g5a82cb258f (webtiles) character file.

Game seed: 9448619021869678903

44 issech the Bolt Thrower (level 3, -2/27 HPs)
             Began as a Human Hunter on May 21, 2022.
             Slain by a worm (6 damage)
             ... on level 2 of the Dungeon.
             The game lasted 00:06:36 (2088 turns).

issech the Bolt Thrower (Human Hunter)              Turns: 2088, Time: 00:06:37

Health: -2/27      AC:  5    Str: 12    XL:     3   Next: 87%
Magic:  3/3        EV:  9    Int: 11    God:
Gold:   50         SH:  7    Dex: 15    Spells: 2/2 levels left

rFire   . . .      SeeInvis .   B - +0 long sword
rCold   . . .      Faith    .   l - +0 kite shield
rNeg    . . .      Spirit   .   f - +0 ring mail
rPois   .          Reflect  .   (no helmet)
rElec   .          Harm     .   (no cloak)
rCorr   .          Rampage  .   (no gloves)
Will    .....                   (no boots)
Stlth   +.........              (no amulet)
HPRegen 0.09/turn               v - ring of ice
MPRegen 0.08/turn               m - ring of fire

@: no status effects
A: no striking features
a: no special abilities


You were on level 2 of the Dungeon.
You visited 1 branch of the dungeon, and saw 2 of its levels.

You collected 76 gold pieces.
You spent 26 gold pieces at shops.

Inventory:

Hand Weapons
 a - a +1 hand crossbow
 b - a +0 short sword
 e - a +0 dagger
 i - a +0 spear
 j - a +0 club
 k - a +0 rapier
 o - a +0 hand axe
 z - a +0 dagger
 A - a +0 whip
 B - a +0 long sword (weapon)
Missiles
 g - 60 stones (quivered)
 w - 25 arrows
 y - 10 bolts
Armour
 c - a +0 leather armour
 f - a +0 ring mail (worn)
 l - a +0 kite shield (worn)
 s - a +0 ring mail
 t - a +0 leather armour
 u - a +0 robe
Jewellery
 m - a ring of fire (right hand)
 v - a ring of ice (left hand)
Scrolls
 d - a scroll of enchant weapon {unknown}
 n - a scroll of identify
 q - a scroll of immolation
 r - a scroll of vulnerability
Potions
 h - a potion of mutation {unknown}
 p - a potion of curing {unknown}
 x - a potion of heal wounds {unknown}


   Skills:
 + Level 2.2 Fighting
 + Level 4.9 Crossbows
 + Level 2.0 Dodging
 + Level 1.0 Stealth
 + Level 0.8 Shields


You had 2 spell levels left.
You didn't know any spells.
Your spell library contained the following spells:

 Spells                   Type           Power      Damage    Failure   Level
 Ozocubu's Armour         Ice            0%         N/A       100%        3
 Metabolic Englaciation   Hex/Ice        0%         N/A       100%        5
 Simulacrum               Ice/Necr       0%         N/A       100%        6


Dungeon Overview and Level Annotations

Branches:
Dungeon (2/15)

Altars:

Shops:
D:1 **   D:2 *


Message History

You closely miss the adder.
The adder is almost dead.
The adder barely misses you. The adder bites you but does no damage.
You hit the adder but do no damage.
The adder is almost dead.
You block the adder's attack. The adder bites you but does no damage.
You hit the adder.
You kill the adder!
You start resting.
HP restored.
A worm comes into view.
You throw a stone. The stone barely misses the worm.
You throw a stone. The stone barely misses the worm.
You throw a stone.
The stone hits the worm but does no damage.
You throw a stone.
The stone hits the worm but does no damage.
You throw a stone. The stone hits the worm.
The worm is lightly wounded.
You hit the worm.
The worm is lightly wounded.
The worm bites you!
You hit the worm but do no damage.
The worm is lightly wounded.
The worm bites you but does no damage.
You hit the worm but do no damage.
The worm is lightly wounded.
The worm bites you!
You completely miss the worm. The worm bites you.
You hit the worm.
The worm is moderately wounded.
You block the worm's attack.
You hit the worm.
The worm is moderately wounded.
The worm bites you!
* * * LOW HITPOINT WARNING * * *
You slash the worm!
The worm is severely wounded.
The worm bites you.
You die...

### #(. #.# #(#
##(#####
#......#
#.w....#
#.@....# ..#
##......# #.# #
#.......# #.# #
#.......# #.# #
#...รท..## #.#
# ######.# #.#
#
#.######.######
#..............
#.######.####..


You could see a worm.

Vanquished Creatures
  2 adders (D:2)
  A worm (D:2)
  An endoplasm (D:2)
  A giant cockroach (D:1)
  2 goblins
  3 hobgoblins
  4 quokkas
  2 ball pythons (D:1)
  3 bats
  A frilled lizard (D:2)
  A kobold (D:2)
  3 rats
24 creatures vanquished.

Notes
Turn   | Place    | Note
-------+----------+-------------------------------------------
     0 | D:1      | issech the Human Hunter began the quest for the Orb.
     0 | D:1      | Reached XP level 1. HP: 16/16 MP: 1/1
   175 | D:1      | Reached XP level 2. HP: 21/22 MP: 2/2
   228 | D:1      | Found Niej's Assorted Antiques.
   397 | D:1      | Found Wasokaz's General Store.
   430 | D:1      | Bought a scroll of identify for 26 gold pieces
  1356 | D:2      | Found Piuliv's General Store.
  1366 | D:2      | Reached XP level 3. HP: 24/27 MP: 3/3
  2088 | D:2      | Slain by a worm

Illustrated notes

Levels and vault maps discovered:
D:1:      lemuel_arrival_tunnels, layout_basic, serial_shops,
          nicolae_shop_crystal, nicolae_lakefront_shop, minmay_misc_feat_encased
D:2:      layout_basic, serial_shops, shop_statue,
          chequers_ecumenical_altar_grove

Action                   || total
-------------------------++-------
Melee: Long sword        ||    39
       Rapier            ||    28
 Fire: Hand crossbow     ||    42
Throw: Stone             ||    10
  Use: Scroll            ||     2
Armor: Ring mail         ||    37
Dodge: Dodged            ||    53
Block: Kite shield       ||    37
